 Dungeon Crawl Stone Soup version 0.27.1-35-g4d5d836560 (webtiles) character file.

Game seed: 8539393345965121793

176 pkoi the Insei (level 5, -1/41 HPs)
             Began as a Demigod Gladiator on June 3, 2022.
             Succumbed to a scorpion's poison
             ... on level 4 of the Dungeon.
             The game lasted 00:06:24 (4763 turns).

pkoi the Insei (Demigod Gladiator)                  Turns: 4763, Time: 00:06:25

Health: -1/41      AC: 13    Str: 15    XL:     5   Next: 8%
Magic:  7/7        EV:  7    Int: 14    God:
Gold:   63         SH:  0    Dex: 15    Spells: 4/4 levels left

rFire    . . .     SeeInvis .     - Unarmed
rCold    . . .     Faith    .   (no shield)
rNeg     . . .     Spirit   .   i - +0 chain mail
rPois    .         Reflect  .   b - +1 helmet
rElec    .         Harm     .   (no cloak)
rCorr    .         Rampage  .   e - +0 pair of gloves
Will     .....                  (no boots)
Stlth    ..........             (no amulet)
HPRegen  0.13/turn              (no ring)
MPRegen  0.10/turn              (no ring)

@: lethally poisoned (-1 -> -9), studying Air Magic
A: high mp 1, forlorn, iridescent scales 1
a: no special abilities


You were on level 4 of the Dungeon.
You visited 1 branch of the dungeon, and saw 4 of its levels.

You collected 63 gold pieces.

Inventory:

Hand Weapons
 d - a +0 dagger
Missiles
 c - 2 throwing nets (quivered)
 g - 2 datura-tipped darts
Armour
 a - a +0 leather armour
 b - a +1 helmet (worn)
 e - a +0 pair of gloves (worn)
 i - a +0 chain mail (worn)
Scrolls
 f - a scroll of identify
Potions
 h - a potion of magic {unknown}
 l - a potion of flight {unknown}
 n - a potion of haste {unknown}


   Skills:
 - Level 1.7 Fighting
 - Level 1.7 Throwing
 - Level 2.6 Dodging
 * Level 5.5 Unarmed Combat
 - Level 0.1 Air Magic


You had 4 spell levels left.
You didn't know any spells.
Your spell library was empty.

Dungeon Overview and Level Annotations

Branches:
Dungeon (4/15)
 Temple: D:4-7

Shops:
D:1 :


Innate Abilities, Weirdness & Mutations

Your attributes grow dramatically as you level up.
You have an increased reservoir of magic. (+10% MP)
You shall have no god before yourself.
You are partially covered in iridescent scales. (AC +2)


Message History

You feel sick. The scorpion barely misses you.
Your chain mail prevents you from hitting the scorpion.
The scorpion is severely wounded.
The scorpion barely misses you.
The scorpion stings you but does no damage.
You hit the scorpion. Your punch misses the scorpion.
The scorpion is almost dead.
You feel sick. The scorpion stings you.
* * * LOW HITPOINT WARNING * * *
You hit the scorpion.
The scorpion is almost dead.
You feel sick. The scorpion stings you.
* * * LOW HITPOINT WARNING * * *
You are lethally poisoned!
The scorpion poisons you!
Unknown command.
Your chain mail prevents you from hitting the scorpion.
The scorpion is almost dead.
* * * LOW HITPOINT WARNING * * *
You feel very sick.
The scorpion stings you but does no damage.
Unknown command.
You hit the scorpion but do no damage.
The scorpion is almost dead.
* * * LOW HITPOINT WARNING * * *
You feel very sick. The scorpion stings you.
* * * LOW HITPOINT WARNING * * *
You are more poisoned.
The scorpion poisons you!
Unknown command.
It was a potion of curing.
You feel better. The scorpion stings you!
* * * LOW HITPOINT WARNING * * *
You are lethally poisoned!
The scorpion poisons you!
It was a potion of cancellation.
Your magical effects are unravelling.
You feel magically purged.
Your hearing returns.
You die...

#.......#
#.......#
#.......#
#.......#
###.......##
...........#
...........#
......s@...#
...........#
######....##
#....#
#....#
#....#
######


You could see a scorpion.

Vanquished Creatures
  A scorpion (D:3)
  Robin (D:3)
  5 adders
  A worm (D:2)
  An orc (D:3)
  5 bats
  8 endoplasms
  2 giant cockroaches (D:1)
  12 goblins
  3 hobgoblins
  3 jackals (D:2)
  4 quokkas
  4 ball pythons
  4 frilled lizards
  2 kobolds (D:2)
  4 rats
60 creatures vanquished.

Vanquished Creatures (collateral kills)
  2 goblins (D:3)
  3 hobgoblins (D:3)
5 creatures vanquished.

Grand Total: 65 creatures vanquished

Notes
Turn   | Place    | Note
-------+----------+-------------------------------------------
     0 | D:1      | pkoi the Demigod Gladiator began the quest for the Orb.
     0 | D:1      | Reached XP level 1. HP: 17/17 MP: 3/3
    38 | D:1      | Reached skill level 3 in Unarmed Combat
   231 | D:1      | Identified a scroll of acquirement
   434 | D:1      | Reached XP level 2. HP: 17/24 MP: 4/4
   684 | D:1      | Found Jokk's Book Shop.
   712 | D:1      | Acquired a manual of Air Magic
  1701 | D:2      | Reached XP level 3. HP: 29/29 MP: 5/5
  1821 | D:2      | HP: 1/29 [worm (9)]
  2340 | D:2      | Reached skill level 4 in Unarmed Combat
  2810 | D:2      | Gained mutation: You are partially covered in iridescent
                  | scales. (AC +2) [potion of mutation]
  3918 | D:3      | Reached XP level 4. HP: 36/36 MP: 6/6
  3918 | D:3      | Noticed Robin
  4066 | D:3      | Killed Robin
  4079 | D:3      | Reached skill level 5 in Unarmed Combat
  4240 | D:3      | Reached XP level 5. HP: 39/41 MP: 7/7
  4761 | D:4      | HP: 1/41 [scorpion (6)]
  4763 | D:4      | Succumbed to a scorpion's poison

Illustrated notes

Levels and vault maps discovered:
D:1:      dpeg_arrival_pits, layout_loops_ring, serial_shops,
          nicolae_square_shop
D:2:      layout_basic, ebering_dispersal_statue_hall, minmay_misc_feat_doors
D:3:      layout_loops_ring, ebering_ecumenical_altar_sacrificial, uniq_robin
D:4:      cheibrodos_pilgrimage, layout_gridville, gammafunk_ghost_arena

Skill      XL: |  1  2  3  4 |
---------------+-------------+-----
Unarmed Combat | 3 4 5 |  5.5
Fighting       | |  1.7
Throwing       | |  1.7
Dodging        | |  2.6
Air Magic      | |  0.1

Action                   |  1- 3 |  4- 6 || total
-------------------------+-------+-------++-------
Melee: Dagger            |   102 |       ||   102
       Unarmed           |   128 |    86 ||   214
       Punch             |     4 |     1 ||     5
Throw: Dart              |       |     1 ||     1
       Throwing net      |       |     1 ||     1
  Use: Scroll            |     7 |     2 ||     9
       Potion            |     2 |     2 ||     4
Armor: Leather armour    |     8 |       ||     8
       Chain mail        |   125 |    59 ||   184
Dodge: Dodged            |    70 |    34 ||   104
